 Dungeon Crawl Stone Soup version 0.17.0-28-g6e173f8 (webtiles) character file.

102 Gargoyl the Skirmisher (level 4, -6/37 HPs)
             Began as a Demonspawn Abyssal Knight on Nov 23, 2015.
             Was a Believer of Lugonu.
             Killed from afar by a hobgoblin (9 damage)
             ... with a wand of flame
             ... on level 3 of the Dungeon.
             The game lasted 00:04:24 (2274 turns).

Gargoyl the Skirmisher (Demonspawn Abyssal Knight)  Turns: 2274, Time: 00:04:24

Health: -6/37      AC: 11    Str: 13    XL:     4   Next: 50%
Magic:  6/6        EV: 12    Int: 13    God:    Lugonu [**....]
Gold:   117        SH:  0    Dex: 13    Spells: 0 memorised, 3 levels left

rFire  . . .     SeeInvis .     a - +1 hand axe
rCold  . . .     Clarity  .     b - +0 leather armour
rNeg   . . .     SustAt   .     (no shield)
rPois  .         Gourm    .     j - +0 helmet
rElec  .         Spirit   .     c - +0 cloak
rCorr  .         Warding  .     (no gloves)
rMut   .         Stasis   .     (no boots)
MR     .....                    (no amulet)
Stlth  +.........               (no ring)
                                (no ring)

@: lethally poisoned (-6 -> -9), very slightly contaminated, not resistant to
hostile enchantments, very unstealthy
A: iridescent scales 2
a: Depart the Abyss, Bend Space, Renounce Religion


You were on level 3 of the Dungeon.
You worshipped Lugonu.
Lugonu was pleased with you.
You were not hungry.

You visited 1 branch of the dungeon, and saw 3 of its levels.
You visited the Abyss 1 time.

You collected 117 gold pieces.

Inventory:

Hand Weapons
 a - a +1 hand axe (weapon)
Armour
 b - a +0 leather armour (worn)
 c - a +0 cloak (worn)
 j - a +0 helmet (worn)
Scrolls
 d - a scroll of identify
 e - 2 scrolls of teleportation
 f - a scroll of remove curse
 k - 3 scrolls of fear
Potions
 h - a potion of might
Comestibles
 l - 4 fruits
 n - 2 meat rations
 q - a beef jerky
 r - a bread ration


   Skills:
 + Level 3.8 Fighting
 + Level 2.2 Axes
 + Level 2.2 Armour
 + Level 2.4 Dodging
 + Level 2.8 Invocations


You had 3 spell levels left.
You didn't know any spells.

Dungeon Overview and Level Annotations

Branches:
Dungeon (3/15)

Altars:
Ashenzari
Ru
Vehumet
Zin


Innate Abilities, Weirdness & Mutations

You are mostly covered in iridescent scales (AC +6).


Message History

* * * LOW HITPOINT WARNING * * *
The adder bites you.
* * * LOW HITPOINT WARNING * * *
You are lethally poisoned!
The adder poisons you!
The hobgoblin zaps a wand.
The puff of flame hits you!
You closely miss the hobgoblin. You hit the adder.
You kill the adder!
Lugonu accepts your kill.
* * * LOW HITPOINT WARNING * * *
You feel sick.
The hobgoblin zaps a wand.
The puff of flame misses you.
You hit the hobgoblin.
The hobgoblin is heavily wounded.
* * * LOW HITPOINT WARNING * * *
You feel sick.
The hobgoblin zaps a wand.
The puff of flame misses you.
Drink which item? (? for menu, Esc to quit)
Okay, then.
You barely miss the hobgoblin.
The hobgoblin is heavily wounded.
The hobgoblin zaps a wand.
The puff of flame hits you!
You die...

####.###
####......#
..........###
............#
#......?....#
............#
_.#.........#####
.......@.........
#.....g..)..#####
............#
..##....#..........
. #########...$.≈≈
.....≈. ..#..≈.
.%#_.≈. ### ###


You could see a hobgoblin.

Vanquished Creatures
  4 adders
  An ooze (D:2)
  3 worms (D:2)
  3 giant geckos (D:2)
  3 goblins
  9 hobgoblins
  2 jackals (D:2)
  5 kobolds
  A ball python (D:1)
  6 bats
  A giant cockroach (D:1)
  4 giant newts
  8 rats
50 creatures vanquished.

Notes
Turn   | Place    | Note
--------------------------------------------------------------
     0 | Abyss:1  | Gargoyl the Demonspawn Abyssal Knight began the quest for the Orb.
     0 | Abyss:1  | Reached XP level 1. HP: 18/18 MP: 2/2
    81 | Abyss:1  | Noticed an ice dragon skeleton
    82 | Abyss:1  | Noticed a rust devil
    82 | D:1      | Escaped the Abyss
   225 | D:1      | Reached * piety under Lugonu
   400 | D:1      | Gained mutation: You are partially covered in iridescent scales (AC +4). [demonic ancestry]
   400 | D:1      | Reached XP level 2. HP: 24/24 MP: 3/3
   421 | D:1      | Reached skill level 1 in Dodging
   788 | D:2      | Reached XP level 3. HP: 27/29 MP: 5/5
   884 | D:2      | Found a shattered altar of Ashenzari.
  1411 | D:2      | Reached ** piety under Lugonu
  1724 | D:2      | Gained mutation: You are mostly covered in iridescent scales (AC +6). [demonic ancestry]
  1724 | D:2      | Reached XP level 4. HP: 35/37 MP: 6/6
  2247 | D:3      | Found a glowing silver altar of Zin.
  2254 | D:3      | Found a sacrificial altar of Ru.
  2269 | D:3      | Found a radiant altar of Vehumet.
  2274 | D:3      | Killed from afar by a hobgoblin

Action                   |  1- 3 |  4- 6 || total
-------------------------+-------+-------++-------
Melee: Hand axe          |   118 |    63 ||   181
Invok: Depart the Abyss  |     1 |       ||     1
  Use: Scroll            |       |     8 ||     8
       Potion            |       |     1 ||     1
  Eat: Bread ration      |     1 |       ||     1
